 Dungeon Crawl Stone Soup version 0.23-a0-639-ga9a3373 (console) character file.

9 Duffy the Firebug (level 2, 19/19 HPs)
             Began as a Demonspawn Fire Elementalist on Dec 29, 2018.
             Quit the game on level 2 of the Dungeon.
             The game lasted 00:01:26 (756 turns).

Duffy the Firebug (Demonspawn Fire Elementalist)     Turns: 756, Time: 00:01:27

Health: 19/19      AC:  4    Str:  8    XL:     2   Next: 3%
Magic:  3/5        EV: 12    Int: 16    God:
Gold:   106        SH:  0    Dex: 13    Spells: 4/5 levels left

rFire    . . .     SeeInvis .   k - +0 short sword
rCold    . . .     Gourm    .   (no shield)
rNeg     . . .     Faith    .   a - +0 robe
rPois    .         Spirit   .   (helmet restricted)
rElec    .         Reflect  .   e - +0 cloak
rCorr    .         Harm     .   (no gloves)
MR       .....                  h - +0 pair of boots
Stlth    ++........             (no amulet)
HPRegen  0.06/turn              (no ring)
MPRegen  0.09/turn              (no ring)

@: no status effects
A: horns 1
a: no special abilities


You were on level 2 of the Dungeon.
You were not hungry.

You visited 1 branch of the dungeon, and saw 2 of its levels.

You collected 106 gold pieces.

Inventory:

Hand Weapons
 k - a +0 short sword (weapon)
Armour
 a - a +0 robe (worn)
 e - a +0 cloak (worn)
 h - a +0 pair of boots (worn)
Scrolls
 f - a scroll of amnesia {unknown}
 g - a scroll of fear {unknown}
 i - 3 scrolls of identify {unknown}
 j - a scroll of magic mapping {unknown}
 n - a scroll of remove curse {unknown}
Potions
 b - a potion of brilliance {unknown}
 l - 2 potions of degeneration {unknown}
 m - 2 potions of lignification {unknown}
 o - a potion of ambrosia {unknown}
Comestibles
 c - 5 rations


   Skills:
 - Level 1.7 Dodging
 - Level 1.7 Stealth
 + Level 2.2 Spellcasting
 + Level 1.4 Conjurations
 + Level 2.9 Fire Magic


You had 4 spell levels left.
You knew the following spells:

 Your Spells              Type           Power        Failure   Level  Hunger
h - Flame Tongue          Conj/Fire      #....        9%          1    #......

Your spell library contained the following spells:

 Spells                   Type           Power        Failure   Level  Hunger
 Throw Flame              Conj/Fire      #.....       13%         2    ###....
 Conjure Flame            Conj/Fire      #.......     26%         3    ###....
 Inner Flame              Hex/Fire       #.......     32%         3    ###....
 Sticky Flame             Conj/Fire      #.......     63%         4    #####..
 Fireball                 Conj/Fire      #.........   93%         5    ######.


Dungeon Overview and Level Annotations

Branches:
Dungeon (2/15)

Altars:


Innate Abilities, Weirdness & Mutations

You have a pair of small horns on your head.


Message History

Found a leather armour.
A goblin comes into view. It is wielding a +0 club.
You see here a ration.
A goblin is nearby!
A goblin is nearby!
Found a scroll labeled GEMUIW GEALLUJEA.
The goblin shouts!
Found a fizzy amethyst potion.
Found a ration.
Found a stone staircase leading down.
Casting: Flame Tongue (safe; 9% risk of failure)
Confirm with . or Enter, or press ? or * to list all spells.
Aiming: Flame Tongue (safe; 9% risk of failure)
Press: ? - help, Shift-Dir - straight line, f - goblin
Aim: a goblin, wielding a +0 club The flame tongue hits the goblin.
You kill the goblin!
You have reached level 2!
Your demonic ancestry asserts itself...
A pair of horns grows on your head!
Are you sure you want to abandon this character and quit the game? (Confirm

########## .....?....
.........########.
>........#.......
......).....#..#
.!............# ######..
%..........[.####......#
......)@....##....######
########....##.###......
#...%...# #......
#....#### #...... #....#
#...... ###### #......
#....>. #...... #######


There were no monsters in sight!

Vanquished Creatures
  A hobgoblin (D:1)
  A ball python (D:1)
  A frilled lizard (D:1)
  3 goblins
  A kobold (D:1)
  3 rats (D:1)
10 creatures vanquished.

Notes
Turn   | Place    | Note
-------+----------+-------------------------------------------
     0 | D:1      | Duffy the Demonspawn Fire Elementalist began the quest for
                  | the Orb.
     0 | D:1      | Reached XP level 1. HP: 13/13 MP: 3/3
   755 | D:2      | Gained mutation: You have a pair of small horns on your
                  | head. [demonic ancestry]
   755 | D:2      | Reached XP level 2. HP: 19/19 MP: 3/5
   756 | D:2      | Quit the game

Vault maps used:
D:1:      dpeg_arrival_rhombi
D:2:      first_ration, minmay_split_cup_large, uniq_jessica, uniq_natasha

Action                   || total
-------------------------++-------
 Cast: Flame Tongue      ||    10

Table legend:
 A = Non-vault XP
 B = Vault XP
 C = Vault XP percentage of total XP
 D = Non-vault monster count
 E = Vault monster count
 F = Vault count percentage of total count
                 A         B        C        D         E       F
            +---------+---------+-------+---------+---------+-------
      Total |      13 |       0 |   0.0 |      10 |       0 |   0.0
            +---------+---------+-------+---------+---------+-------
        D:1 |      11 |       0 |   0.0 |       9 |       0 |   0.0
        D:2 |       2 |       0 |   0.0 |       1 |       0 |   0.0
            +---------+---------+-------+---------+---------+-------
